 Dungeon Crawl Stone Soup version 0.31-a0-920-g28cbb04a8c (webtiles) character file.

Game seed: 9189265237737373122

62 promet the Trooper (level 3, -6/34 HPs)
             Began as a Minotaur Fighter on Oct 17, 2023.
             Killed from afar by an orc wizard (9 damage)
             ... with a magic dart
             ... on level 3 of the Dungeon.
             The game lasted 00:10:20 (2657 turns).

promet the Trooper (Minotaur Fighter)               Turns: 2657, Time: 00:10:20

Health: -6/34      AC:  1    Str: 20    XL:     3   Next: 85%
Magic:  2/2        EV: 11    Int:  7    God:
Gold:   204        SH:  4    Dex:  9    Spells: 2/2 levels left

rFire   . . .        a - +0 rapier
rCold   . . .        c - +0 buckler
rNeg    . . .        (no body armour)
rPois   .            k - +1 hat
rElec   .            (no cloak)
rCorr   .            (no gloves)
SInv    .            (no boots)
Will    .....        (no amulet)
Stlth   +            (no ring)
HPRegen 0.25/turn    (no ring)
MPRegen 0.08/turn

%: no passive effects
@: mighty
A: horns 2, retaliatory headbutt
a: no special abilities


You were on level 3 of the Dungeon.
You visited 1 branch of the dungeon, and saw 3 of its levels.

You collected 204 gold pieces.

Inventory:

Hand Weapons
 a - a +0 rapier (weapon)
 b - a +0 sling
 h - a +0 hand axe
 i - a +0 spear
Armour
 c - a +0 buckler (worn)
 e - a +0 chain mail
 k - a +1 hat (worn)
Jewellery
 n - a ring of ice
Scrolls
 f - a scroll of silence {unknown}
 g - a scroll of vulnerability {unknown}
 j - a scroll of revelation {unknown}
 m - a scroll of fear {unknown}
 p - a scroll of identify {unknown}
 q - a scroll of teleportation {unknown}
Potions
 d - a potion of might
 l - a potion of enlightenment {unknown}
 o - a potion of lignification {unknown}


   Skills:
 * Level 4.3 Fighting
 + Level 2.8 Short Blades
 + Level 1.1 Ranged Weapons
 + Level 3.9 Armour
 + Level 0.9 Dodging
 + Level 0.1 Stealth
 + Level 4.1 Shields


You had 2 spell levels left.
You didn't know any spells.
Your spell library contained the following spells:

 Spells                   Type           Power      Damage    Failure   Level
 Summon Ice Beast         Ice/Summ       0%         N/A       99%         4
 Summon Mana Viper        Hex/Summ       0%         N/A       100%        5
 Monstrous Menagerie      Summ           0%         N/A       100%        7


Dungeon Overview and Level Annotations

Branches:
Dungeon (3/15)

Altars:
Dithmenos


Innate Abilities, Weirdness & Mutations

You have a pair of horns on your head.
You reflexively headbutt those who attack you in melee.


Message History

The orc is severely wounded.
The orc closely misses you. You furiously retaliate!
You headbutt the orc.
You kill the orc!
The orc wizard hits you but does no damage.
Items here: )) [[ †.
You barely miss the orc wizard.
The orc wizard hits you with a +0 dagger.
You closely miss the orc wizard. You block the orc wizard's attack.
You hit the orc wizard but do no damage.
The orc wizard hits you but does no damage.
You completely miss the orc wizard.
The orc wizard casts a spell.
The orc wizard flickers and vanishes!
Deactivating autopickup; reactivate with Ctrl-A.
You hit something. Your headbutt misses something.
Something hits you but does no damage.
You miss something.
An orc wizard comes into view. It is wielding a +0 dagger.
You hear some strange, mumbled words.
You are confused.
You bump into the rock wall.
Something hits you.
You closely miss something. Something hits you.
The orc wizard casts a spell.
The orc wizard flickers and vanishes!
You bump into the rock wall.
Something hits you. Something hits you.
You feel less confused.
You hear some strange, mumbled words.
A puff of flame appears from out of thin air!
The puff of flame misses you.
Items here: )) [[ †.
You miss something. Your headbutt misses something. Something hits you.
A puff of flame appears from out of thin air!
The puff of flame hits you!
* * * LOW HITPOINT WARNING * * *
You feel very mighty all of a sudden.
You hear some strange, mumbled words.
A magic dart appears from out of thin air!
The magic dart hits you!
You die...

..#### #.###.....o
##.# ......
#####.#....o.o. ##
..# #..)..#.# ..#
#.#####.# ..# #.#
#.# ..# #.# #{# ..#
#.# #.#
#.#########.#####.#
..##............@{#
............#######
####.######## #.#
#.# #.# #.# #.# #.#


There were no monsters in sight!

Vanquished Creatures
  A worm (D:2)
  3 orcs (D:3)
  9 endoplasms
  2 giant cockroaches
  6 goblins
  6 hobgoblins
  3 quokkas
  4 ball pythons
  2 bats (D:1)
  2 frilled lizards (D:1)
  8 kobolds
  3 rats (D:2)
49 creatures vanquished.

Notes
Turn   | Place    | Note
-------+----------+-------------------------------------------
     0 | D:1      | promet the Minotaur Fighter began the quest for the Orb.
     0 | D:1      | Reached XP level 1. HP: 19/19 MP: 0/0
   609 | D:1      | Reached XP level 2. HP: 25/27 MP: 1/1
  1268 | D:2      | Noticed a phantom
  1557 | D:2      | Reached XP level 3. HP: 33/33 MP: 2/2
  1558 | D:2      | Reached skill level 1 in Ranged Weapons
  1810 | D:2      | Found a shadowy altar of Dithmenos.
  2657 | D:3      | Killed from afar by an orc wizard

Illustrated notes

Levels and vault maps discovered:
D:1:      dpeg_arrival_short_road, layout_loops_corners
D:2:      layout_loops_ring, basic_altar
D:3:      layout_loops_ring, mainiacjoe_overflow_small_starburst,
          grunt_decor_cap

Skill      XL: |  1  2  3 |
---------------+----------+-----
Fighting       | 4 |  4.3
Shields        | 4 |  4.1
Ranged Weapons | 1 |  1.1
Short Blades   | |  2.8
Armour         | |  3.9
Dodging        | |  0.9
Stealth        | |  0.1

Action                     || total
---------------------------++-------
  Melee: Rapier            ||   123
         Headbutt          ||    22
   Fire: Sling             ||    14
    Use: Potion            ||     1
 Armour: Scale mail        ||    56
         Skin              ||    25
  Dodge: Dodged            ||    50
  Block: Buckler           ||    22

Table legend: (Time is in decaauts)
 A = Elapsed time spent in this place.
 B = Non-inter-level travel time spent in this place.
 C = Inter-level travel time spent in this place.
 D = Time resting spent in this place.
 E = Time spent auto-exploring this place.
 F = Levels seen in this place.
 G = Mean time per level.
                   A        B        C        D        E       F      G
               +--------+--------+--------+--------+--------+-----+--------+
         Total |   2672 |   2639 |     33 |    595 |    812 |   3 |  890.7 |
       Dungeon |   2672 |   2639 |     33 |    595 |    812 |   3 |  890.7 |
               +--------+--------+--------+--------+--------+-----+--------+

Top non-repeatable levels by time:
     D:1: 1429 daAuts
     D:2: 673 daAuts
     D:3: 569 daAuts
